 Dungeon Crawl Stone Soup version 0.32-a0-473-gd044c6f0f0 (webtiles) character file.

Game seed: 13956288043106882370

43 Dordric the Cudgeller (level 3, -6/31 HPs)
             Began as a Mountain Dwarf Fighter on Feb 25, 2024.
             Mangled by Robin
             ... wielding a +8 club
              (11 damage)
             ... on level 1 of the Dungeon.
             The game lasted 00:01:10 (856 turns).

Dordric the Cudgeller (Mountain Dwarf Fighter)       Turns: 856, Time: 00:01:11

Health: -6/31      AC:  6    Str: 20    XL:     3   Next: 37%
Magic:  3/3        EV:  9    Int:  8    God:
Gold:   12         SH:  4    Dex:  9    Spells: 2/2 levels left

rFire   . . .        a - +0 flail
rCold   . . .        c - +0 buckler
rNeg    . . .        b - +0 scale mail
rPois   .            (no helmet)
rElec   .            (no cloak)
rCorr   .            (no gloves)
SInv    .            (no boots)
Will    .....        (no amulet) Stlth
                     (no ring)
HPRegen 0.25/turn    (no ring)
MPRegen 0.08/turn

%: no passive effects
@: no status effects
A: runic magic, artefact enchanting
a: no special abilities


You were on level 1 of the Dungeon.
You visited 1 branch of the dungeon, and saw 2 of its levels.

You collected 12 gold pieces.

Inventory:

Hand Weapons
 a - a +0 flail (weapon)
Armour
 b - a +0 scale mail (worn)
 c - a +0 buckler (worn)
Jewellery
 h - a ring of wizardry
Scrolls
 f - a scroll of vulnerability {unknown}
 i - a scroll of summoning {unknown}
 k - a scroll of enchant armour {unknown}
Potions
 d - 2 potions of might
 e - a potion of brilliance {unknown}
 g - a potion of lignification {unknown}
 j - 2 potions of degeneration {unknown}


   Skills:
 - Level 3.2 Fighting
 + Level 4.7 Maces & Flails
 - Level 3.2 Armour
 - Level 3.2 Shields


You had 2 spell levels left.
You didn't know any spells.
Your spell library contained the following spells:

 Spells                   Type           Power      Damage    Failure   Level
 Iskenderun's Battlesphe  Conj           0%         2d6       100%        5
 Bombard                  Conj/Erth      0%         9d1       100%        6
 Spellforged Servitor     Conj/Summ      0%         N/A       100%        7


Dungeon Overview and Level Annotations

Branches:
Dungeon (2/15)

Altars:

Annotations:
D:1 Robin


Innate Abilities, Weirdness & Mutations

Your spellcasting is much less encumbered by armour.
You can use scrolls of enchantment on lesser artefacts.


Message History

Robin roars a battlecry!
The goblins go into a battle-frenzy!
The hobgoblin hits you but does no damage.
There is a stone staircase leading up here.
The goblin closely misses you. You block the hobgoblin's attack.
Robin throws the goblin at you!
You climb upwards.
There is a stone staircase leading down here.
You hit Robin.
Robin is lightly wounded.
Robin throws the goblin at you! The goblin hits you with a +0 dagger.
The hobgoblin hits you.
You hit Robin.
Robin is lightly wounded.
Robin barely misses you. The goblin hits you but does no damage.
The hobgoblin barely misses you.
You barely miss Robin.
Robin is lightly wounded.
Robin hits you with a +8 club! You block the goblin's attack.
The hobgoblin hits you but does no damage.
You closely miss Robin.
Robin is lightly wounded.
Robin hits you with a +8 club! The goblin barely misses you.
You block the hobgoblin's attack. Robin hits you with a +8 club!
* * * LOW HITPOINT WARNING * * *
The goblin hits you but does no damage. The goblin hits you but does no damage.
Robin's bangles clink loudly.
Robin attacks as they pursue you! Robin hits you with a +8 club.
* * * LOW HITPOINT WARNING * * *
You hit Robin.
Robin is moderately wounded.
You block Robin's attack.
You hit Robin but do no damage.
Robin is moderately wounded.
The goblin no longer looks unusually strong.
Robin hits you with a +8 club!
You die...
Robin calls out, "Let's celebrate!
Time for a feast!"

#.......# #.......# ##.......#
.........# )........#
.........#### .....#.#....####
.....#.+.......#################
..##.###.^....gg@..............#
...#.# ##+####g##############.##
...#.####.##.).........# #.#
..............>##.####.# #.#
..........##.#)##.# #.# #.#
..........##.).##'###########.#
..........#...................#
#.........#.........###########
#.........#.........#


You could see Robin, a hobgoblin (strong) and a goblin.

Vanquished Creatures
  A gnoll (D:1)
  3 bats (D:1)
  2 endoplasms (D:1)
  A giant cockroach (D:1)
  8 hobgoblins (D:1)
  6 kobolds (D:1)
  A quokka (D:1)
  2 ball pythons (D:1)
  3 frilled lizards (D:1)
  4 goblins (D:1)
31 creatures vanquished.

Notes
Turn   | Place    | Note
-------+----------+-------------------------------------------
     0 | D:1      | Dordric the Mountain Dwarf Fighter began the quest for the
                  | Orb.
     0 | D:1      | Reached XP level 1. HP: 19/19 MP: 1/1
    86 | D:1      | Reached skill level 3 in Maces & Flails
   110 | D:1      | Reached XP level 2. HP: 14/26 MP: 2/2
   361 | D:1      | Reached skill level 4 in Maces & Flails
   361 | D:1      | Reached XP level 3. HP: 13/31 MP: 3/3
   699 | D:2      | Noticed Robin
   856 | D:1      | Mangled by Robin

Illustrated notes

Levels and vault maps discovered:
D:1:      lemuel_arrival_lava_pool, layout_basic
D:2:      layout_basic, amethyst_killhole, minmay_fountain_box, uniq_natasha,
          uniq_robin

Skill      XL: |  1  2 |
---------------+-------+-----
Maces & Flails | 3 4 |  4.7
Fighting       | |  3.2
Armour         | |  3.2
Shields        | |  3.2

Action                     || total
---------------------------++-------
  Melee: Flail             ||   107
 Armour: Scale mail        ||   110
  Dodge: Dodged            ||    70
  Block: Buckler           ||    26

Table legend: (Time is in decaauts)
 A = Elapsed time spent in this place.
 B = Non-inter-level travel time spent in this place.
 C = Inter-level travel time spent in this place.
 D = Time resting spent in this place.
 E = Time spent auto-exploring this place.
 F = Levels seen in this place.
 G = Mean time per level.
                   A        B        C        D        E       F      G
               +--------+--------+--------+--------+--------+-----+--------+
         Total |    884 |    854 |     30 |    188 |    427 |   2 |  442.0 |
       Dungeon |    884 |    854 |     30 |    188 |    427 |   2 |  442.0 |
               +--------+--------+--------+--------+--------+-----+--------+

Top non-repeatable levels by time:
     D:1: 876 daAuts
     D:2: 7 daAuts
